Map: Catalyst LE

Players

Käsekuchen

  • Race: Protoss Protoss
  • League: Master
  • Spawn Location: 5:00

iggythefisk

  • Race: Protoss Protoss
  • Spawn Location: 11:00

Lappy

  • Race: Terran Terran
  • League: Diamond

matathemyra

  • Race: Terran Terran

VOD

Have the link to the VOD?

Description

Time

  • Played on: Nov. 20, 2017, 12:02 p.m.
  • Length: 11:26
Show
View Real Time Build Order
Export as new Build Order

Käsekuchen Protoss 

Build Orders: Blink Stalkers 

Get SALT Encoding   

  12  0:00  Probe  
  13  0:13  Probe  
  13  0:16  Pylon  
  13  0:20  Probe  
  15  0:34  Probe  
  16  0:45  Gateway  
  16  0:46  Probe  
  17  0:54  Assimilator  
  17  0:57  Probe  
  17  1:01  Assimilator  
  17  1:03  Probe  
  19  1:23  Gateway  
  20  1:25  Probe  
  20  1:36  Cybernetics Core  
  20  1:37  Probe  
  21  1:44  Pylon  
  21  1:49  Probe  
  22  2:02  Probe  
  22  2:05  Warp Gate  
  23  2:12  Stalker x2  
  27  2:28  Probe  
  27  2:54  Stalker x2  
  31  3:02  Twilight Council  
  31  3:30  Blink (Chrono Boost)  
  31  3:36  Nexus  
  31  3:49  Pylon  
  31  4:08  Probe  
  32  4:10  Robotics Facility  
  32  4:13  Pylon  
  32  4:20  Probe  
  33  4:25  Pylon  
  33  4:33  Pylon  
  33  4:42  Pylon  
  33  4:51  Shield Battery  
  33  4:53  Stalker  
  33  4:54  Shield Battery  
  33  4:56  Stalker  
  37  5:01  Shield Battery  
  37  5:04  Immortal  
  41  5:23  Pylon  
  41  5:33  Immortal  
  41  5:34  Shield Battery  
  45  5:55  Stalker x2  
  49  6:00  Shield Battery  
  49  6:01  Probe  
  49  6:02  Warp Prism  
  48  6:25  Probe  
  49  6:27  Probe  
  49  6:32  Dark Shrine  
  50  6:37  Probe  
  50  6:39  Probe  
  52  6:49  Probe  
  52  6:52  Probe  
  50  7:01  Probe  
  49  7:11  Nexus, Charge  
  49  7:12  Pylon  
  48  7:16  Probe  
  48  7:17  Adept x2  
  48  7:19  Probe  
  48  7:22  Probe  
  55  7:32  Forge  
  55  7:34  Probe  
  55  7:35  Probe  
  57  7:46  Probe  
  57  7:47  Adept, Probe  
  57  7:48  Dark Templar  
  58  8:08  Stalker  
  58  8:13  Probe x2  
  60  8:21  Stalker  
  60  8:25  Protoss Ground Weapons Level 1  
  60  8:26  Gateway  
  60  8:29  Gateway  
  60  8:31  Gateway  
  60  8:33  Gateway  
  60  8:34  Stalker  
  62  8:39  Assimilator  
  62  8:41  Assimilator  
  60  8:42  Gateway  
  60  8:44  Observer (Chrono Boost)  
  60  8:45  Gateway  
  61  8:58  Probe x2  
  61  9:04  Observer  
  61  9:09  Pylon  
  62  9:25  Probe  
  63  9:32  Nexus  
  63  9:34  Stalker  
  63  9:35  Stalker  
  63  9:38  Pylon x2  
  67  9:39  Pylon  
  67  9:43  Robotics Bay  
  67  9:46  Photon Cannon  
  67  9:52  Dark Templar  
  67  9:53  Dark Templar  
  66  10:07  Dark Templar  
  66  10:09  Pylon  
  68  10:14  Zealot x3  
  74  10:24  Zealot x2  
  78  10:29  Zealot  
  78  10:30  Zealot  
  80  10:40  Zealot x3  
  86  10:47  Zealot  
  88  10:53  Zealot x2  
  92  10:58  Zealot  
  92  11:03  Stalker  
  61  11:15  Zealot x2  
  61  11:16  Zealot, Sentry  
Show
View Real Time Build Order
Export as new Build Order

iggythefisk Protoss 

Build Orders:  

Get SALT Encoding   

  12  0:00  SCV  
  13  0:12  SCV  
  14  0:20  Supply Depot  
  14  0:25  SCV  
  15  0:41  SCV  
  16  0:42  Barracks  
  16  0:46  Refinery  
  16  0:53  SCV  
  17  1:05  SCV  
  18  1:17  SCV  
  19  1:32  Reaper, Orbital Command  
  20  1:47  Command Center  
  20  1:59  Supply Depot  
  20  2:02  SCV  
  21  2:11  Barracks Reactor  
  21  2:14  SCV  
  22  2:23  Bunker  
  22  2:26  SCV  
  22  2:27  Factory  
  23  2:39  SCV  
  23  2:44  Barracks  
  24  2:47  Marine x2  
  24  2:51  SCV  
  26  2:58  Orbital Command  
  26  3:03  SCV  
  26  3:05  Marine x2  
  29  3:11  Cyclone  
  32  3:16  Refinery  
  32  3:17  SCV  
  33  3:22  Marine  
  33  3:23  Marine  
  33  3:27  SCV  
  35  3:29  SCV  
  35  3:32  Barracks Tech Lab  
  36  3:39  SCV  
  36  3:40  Marine x2  
  36  3:41  SCV  
  40  3:48  Starport  
  40  3:51  SCV  
  40  3:53  Marauder, SCV  
  44  3:56  Factory Tech Lab  
  44  3:58  Refinery, Marine x2  
  46  4:10  Supply Depot  
  46  4:15  Supply Depot, Stimpack  
  46  4:31  Medivac, Marine x2  
  46  4:32  Marauder, SCV x2  
  54  4:40  Refinery  
  54  4:44  SCV x2  
  56  4:49  Marine x2  
  58  4:56  SCV x2  
  58  4:58  Marauder  
  62  5:00  Bunker  
  62  5:08  Supply Depot  
  62  5:10  Supply Depot  
  62  5:11  Marine  
  62  5:12  Medivac, Siege Tank, Marine  
  67  5:19  Marauder  
  68  5:25  Liberator  
  68  5:29  Marine  
  68  5:30  Marine  
  68  5:35  Supply Depot  
  70  5:39  Supply Depot  
  70  5:41  Marauder  
  75  5:46  SCV x2  
  75  5:47  Marine x2  
  77  5:58  SCV x2  
  77  6:00  Supply Depot  
  77  6:01  Siege Tank  
  82  6:09  Engineering Bay  
  82  6:10  SCV  
  83  6:14  Marauder  
  83  6:22  Marine x2  
  88  6:26  Medivac  
  88  6:28  SCV x2  
  89  6:34  Barracks  
  89  6:35  Marauder  
  89  6:40  Marine x2  
  91  6:47  SCV  
  91  6:48  SCV  
  91  6:49  Combat Shields  
  93  6:54  Terran Infantry Weapons Level 1  
  93  6:56  Marauder  
  93  6:58  Marine x2  
  93  7:00  SCV x2  
  95  7:07  Medivac  
  99  7:08  Siege Tank  
  99  7:16  Marine  
  99  7:20  Marine  
  99  7:21  Marauder  
  103  7:23  Marine  
  102  7:33  Marine  
  101  7:37  SCV x2  
  101  7:40  Marine  
  101  7:43  Marauder, Viking  
  108  7:51  Command Center, Marine  
  108  7:53  SCV  
  108  7:54  Barracks Tech Lab  
  110  8:11  SCV  
  110  8:12  Marine  
  110  8:13  SCV  
  110  8:21  Missile Turret  
  110  8:25  Missile Turret  
  110  8:26  Missile Turret, Marine  
  110  8:28  SCV  
  110  8:29  Supply Depot, SCV  
  110  8:30  Marauder  
  113  8:40  SCV  
  114  8:42  Concussive Shells, SCV  
  114  8:43  Marauder, Marine  
  114  8:46  Missile Turret  
  118  8:50  Supply Depot  
  118  8:52  SCV  
  118  8:54  SCV  
  113  9:06  Supply Depot  
  113  9:07  Terran Infantry Armor Level 1  
  113  9:08  Supply Depot  
  110  9:11  Armory  
  110  9:15  Marauder  
  112  9:19  Orbital Command  
  112  9:21  Marauder  
  112  9:24  Marine  
  115  9:25  Marine  
  116  9:31  Medivac  
  116  9:36  Marauder  
  120  9:39  SCV  
  120  9:41  Marine  
  120  9:42  Marine  
  120  9:43  Orbital Command  
  123  9:51  Marauder  
  125  9:55  Engineering Bay  
  125  9:56  Ghost Academy  
  125  9:57  SCV x2  
  127  10:01  Marine x2  
  129  10:11  SCV  
  129  10:12  SCV x2  
  132  10:16  Supply Depot  
  132  10:23  SCV, Marine  
  132  10:24  Marauder x2, SCV, Marine  
  132  10:26  Raven  
  142  10:36  Supply Depot  
  142  10:39  SCV x2  
  142  10:40  Missile Turret, SCV  
  142  10:42  Marine  
  146  10:43  Marine  
  146  10:48  Ghost  
  149  10:53  Ghost  
  149  10:56  SCV x2  
  153  10:58  SCV  
  131  11:13  SCV x2  
  131  11:14  SCV  
  128  11:22  Refinery  
Show
View Real Time Build Order
Export as new Build Order

Lappy Terran 

Build Orders:  

Get SALT Encoding   

Show
View Real Time Build Order
Export as new Build Order

matathemyra Terran 

Build Orders:  

Get SALT Encoding   

Tags
 
Add a new tag
Caveats
  • Supply blocks, unpowered buildings, or Contaminate may cause inaccurate times.
  • Supply counts are checked every 10 seconds.